 Dungeon Crawl Stone Soup version 0.31-a0-1172-g9944ec47dd (webtiles) character file.

Game seed: 16426277398048354122

133 backslashecho the Changeling (level 5, -1/40 HPs)
             Began as a Meteoran Shapeshifter on Dec 11, 2023.
             Was a Believer of Uskayaw.
             Slain by an ufetubus (5 damage)
             ... on level 3 of the Dungeon.
             The game lasted 00:06:06 (1244 turns).

backslashecho the Changeling (MeSh)                 Turns: 1244, Time: 00:06:06

Health: -1/40      AC:  2    Str: 15    XL:     5   Next: 68%
Magic:  6/6        EV: 12    Int: 12    God:    Uskayaw [**....]
Gold:   180        SH:  0    Dex: 15    Spells: 4/4 levels left

rFire   . .          .
                       - Unarmed
rCold   . . .        (no shield)
rNeg    . . .        a - +0 animal skin
rPois   .            (helmet currently unavailable)
rElec   .            (cloak currently unavailable)
rCorr   .            (gloves currently unavailable)
SInv    .            (boots currently unavailable)
Will    .....        (no amulet)
Stlth   +            (no ring)
HPRegen 0.26/turn    (no ring)
MPRegen 0.10/turn

%: no passive effects
@: beast-form, glowing
A: beast (slay +3), sense surroundings 1, otherworldly, glowing, explore regen
a: Begin Untransformation, Renounce Religion, Stomp, Line Pass


You were on level 3 of the Dungeon.
You worshipped Uskayaw.
Uskayaw was noncommittal.
You were a hulking beast.
You visited 1 branch of the dungeon, and saw 4 of its levels.

You collected 180 gold pieces.

Inventory:

Armour
 a - a +0 animal skin (worn)
Jewellery
 k - a ring of magical power
Talismans
 c - a beast talisman
 d - a flux talisman
 q - a blade talisman
Scrolls
 f - 2 scrolls of revelation {unknown}
 h - 3 scrolls of identify {unknown}
 i - 3 scrolls of noise {unknown}
 j - a scroll of poison {unknown}
 n - a scroll of enchant weapon {unknown}
 r - a scroll of enchant armour {unknown}
Potions
 b - a potion of lignification
 e - 4 potions of curing {unknown}
 g - 2 potions of resistance {unknown}
 l - a potion of enlightenment {unknown}
 m - a potion of haste {unknown}
 o - 2 potions of mutation {unknown}
 p - a potion of ambrosia {unknown}


   Skills:
 - Level 1.1 Fighting
 - Level 2.1 Dodging
 + Level 4.9 Unarmed Combat
 * Level 5.6 Shapeshifting


You had 4 spell levels left.
You didn't know any spells.
Your spell library was empty.

Dungeon Overview and Level Annotations

Branches:
Dungeon (4/15) Zot: 1166
 Temple: D:4-7

Altars:
Uskayaw


Innate Abilities, Weirdness & Mutations

You are a hulking beast.
Your limbs bulge with bestial killing power. (Slay +3)
You passively map a small area around you.
You are easily found by Zot.
You glow in the dark.
You regain HP and MP as you explore.


Message History

The ufetubus is almost dead.
The ufetubus barely misses you. The ufetubus closely misses you.
You closely miss the ufetubus.
The ufetubus is almost dead.
The ufetubus barely misses you. The ufetubus hits you.
The ufetubus closely misses you. x2; The ufetubus barely misses you.
The ufetubus hits you.
You take 5 damage, and have 31/40 hp.
The ufetubus attacks as it pursues you!
The ufetubus hits you but does no damage.
The ufetubus closely misses you. The ufetubus slips past you!
The ufetubus hits you. The ufetubus closely misses you.
You take 1 damage, and have 31/40 hp.
You hit the ufetubus.
You kill the ufetubus!
The ufetubus slips past you! The ufetubus misses you.
The ufetubus closely misses you.
You hit the ufetubus.
The ufetubus is severely wounded.
The ufetubus misses you. The ufetubus barely misses you. The ufetubus hits you.
The ufetubus barely misses you. x2; The ufetubus misses you.
You can now pass through a line of other dancers.
You take 5 damage, and have 26/40 hp.
You closely miss the ufetubus.
The ufetubus is severely wounded.
The ufetubus hits you but does no damage.
The ufetubus barely misses you. The ufetubus misses you. x2
The ufetubus hits you. x2
The orc hits you from afar with a +0 trident.
You take 9 damage, and have 17/40 hp.
MASSIVE DAMAGE!!
You hit the ufetubus.
You kill the ufetubus!
The ufetubus hits you. The ufetubus closely misses you.
The ufetubus barely misses you. The ufetubus hits you. x2
* * * LOW HITPOINT WARNING * * *
The ufetubus barely misses you.
You take 7 damage, and have 10/40 hp.
The ufetubus slips past you! The ufetubus closely misses you.
The ufetubus hits you.
* * * LOW HITPOINT WARNING * * *
You take 3 damage, and have 7/40 hp.
The ufetubus hits you.
* * * LOW HITPOINT WARNING * * *
The ufetubus hits you.
* * * LOW HITPOINT WARNING * * *
You take 4 damage, and have 3/40 hp.
The ufetubus attacks as it pursues you! The ufetubus closely misses you. x2
The ufetubus hits you.
You die...

...# *.......o.. , *#.#
*#.#...*#r...5.... ,,*#.# #.#
#.#*.........,,* #.# #.#
...#....# , * #.# #.# #.#.## #.#
###.## #..r.###### #.#
..#..######o.oo.5.# #.#
#.)...##......##5## #.#
)).......####..#h.# #<#
#####.#.## ##.##..# #†# #...#* .#
#.# #.# ##...# .# *.#####.#####
#.#.#* .# .##........# #.#..#
.#*# ##........## ####
#.##...,...##.##.........##
...###.#######...#.............##
##........ , .....##...........#


You could see 2 ufetubi.

Vanquished Creatures
  An orc priest (D:3)
  2 adders
  2 ufetubi (D:3)
  2 worms (D:2)
  A dart slug (D:2)
  6 orcs (D:3)
  5 endoplasms
  2 giant cockroaches
  5 goblins
  6 hobgoblins
  4 jackals (D:3)
  2 quokkas (D:1)
  2 ball pythons
  4 bats
  3 frilled lizards
  9 kobolds
  6 rats
62 creatures vanquished.

Notes
Turn   | Place    | Note
-------+----------+-------------------------------------------
     0 | D:1      | backslashecho the Meteoran Shapeshifter began the quest for
                  | the Orb.
     0 | D:1      | Reached XP level 1. HP: 16/16 MP: 2/2
    82 | D:1      | Reached XP level 2. HP: 7/23 MP: 3/3
    84 | D:1      | Reached skill level 4 in Shapeshifting
   340 | D:1      | Reached XP level 3. HP: 24/28 MP: 4/4
   563 | D:2      | Reached XP level 4. HP: 7/35 MP: 5/5
   845 | D:3      | Found a hide-covered altar of Uskayaw.
   854 | D:3      | Became a worshipper of Uskayaw the Reveller
   987 | D:2      | Reached * piety under Uskayaw
   993 | D:2      | Reached skill level 5 in Shapeshifting
  1074 | D:3      | Reached ** piety under Uskayaw
  1130 | D:3      | Reached XP level 5. HP: 28/40 MP: 6/6
  1210 | D:3      | Reached *** piety under Uskayaw
  1213 | D:3      | Reached **** piety under Uskayaw
  1244 | D:3      | Slain by an ufetubus

Illustrated notes

Levels and vault maps discovered:
D:1:      tekkud_arrival_beachfront_property, layout_loops_ring,
          grunt_decor_cap, minmay_indecisive_spiral
D:2:      layout_basic
D:3:      layout_rooms, lemuel_round_altar
D:4:      minmay_goblin_kobold_castle, layout_cave_pods, serial_shops,
          nicolae_shop_bloodbath_and_beyond, minmay_misc_feat_chi,
          minmay_manual_mess, uniq_pikel, uniq_robin

Skill      XL: |  1  2  3  4 |
---------------+-------------+-----
Shapeshifting  | 4 5 |  5.6
Unarmed Combat | 4 |  4.9
Fighting       | |  1.1
Dodging        | |  2.1

Action                     |  1- 3 |  4- 6 || total
---------------------------+-------+-------++-------
  Melee: Unarmed           |    71 |    85 ||   156
         Punch             |     2 |       ||     2
   Stab: Paralysed         |       |     1 ||     1
 Armour: Animal skin       |    31 |    69 ||   100
  Dodge: Dodged            |    35 |    70 ||   105

Table legend: (Time is in decaauts)
 A = Elapsed time spent in this place.
 B = Non-inter-level travel time spent in this place.
 C = Inter-level travel time spent in this place.
 D = Time resting spent in this place.
 E = Time spent auto-exploring this place.
 F = Levels seen in this place.
 G = Mean time per level.
                   A        B        C        D        E       F      G
               +--------+--------+--------+--------+--------+-----+--------+
         Total |   1232 |   1184 |     48 |      0 |     62 |   4 |  308.0 |
       Dungeon |   1232 |   1184 |     48 |      0 |     62 |   4 |  308.0 |
               +--------+--------+--------+--------+--------+-----+--------+

Top non-repeatable levels by time:
     D:2: 478 daAuts
     D:1: 423 daAuts
     D:3: 323 daAuts
     D:4: 6 daAuts
